 Dungeon Crawl Stone Soup version 0.30-a0-394-g3e4acdb0ae (webtiles) character file.

Game seed: 1169492867250603824

132 Ijustatesigmund the Magician (level 4, -2/24 HPs)
             Began as a Deep Elf Fire Elementalist on Dec 6, 2022.
             Slain by a gnoll
             ... wielding a +0 club
              (5 damage)
             ... on level 3 of the Dungeon.
             The game lasted 00:06:01 (2516 turns).

Ijustatesigmund the Magician (DEFE)                 Turns: 2516, Time: 00:06:02

Health: -2/24      AC:  3    Str:  5    XL:     4   Next: 92%
Magic:  6/12       EV: 36    Int: 22    God:
Gold:   108        SH:  0    Dex: 15    Spells: 8/11 levels left

rFire   . . .      SeeInvis .    e - +2 dagger (protect)
rCold   . . .      Faith    .    (no shield)
rNeg    . . .      Spirit   .    a - +1 robe
rPois   .          Reflect  .    (no helmet)
rElec   .          Harm     .    (no cloak)
rCorr   .          Rampage  .    (no gloves)
Will    .....                    (no boots)
Stlth   ++........               f - amulet of the acrobat
HPRegen 0.24/turn                d - +4 ring of evasion
MPRegen 0.13/turn                c - +4 ring of evasion

@: acrobatic
A: no striking features
a: no special abilities


You were on level 3 of the Dungeon.
You visited 1 branch of the dungeon, and saw 3 of its levels.

You collected 108 gold pieces.

Inventory:

Hand Weapons
 e - a +2 dagger of protection (weapon)
 j - a +0 sling
 n - a +0 short sword of draining
Armour
 a - a +1 robe (worn)
Jewellery
 c - a +4 ring of evasion (right hand)
 d - a +4 ring of evasion (left hand)
 f - an amulet of the acrobat (around neck)
Scrolls
 l - a scroll of enchant armour
 m - a scroll of enchant weapon
 o - a scroll of amnesia {unknown}
Potions
 b - 2 potions of magic
 g - 2 potions of might
 h - 2 potions of curing
 i - 4 potions of mutation
 k - a potion of heal wounds


   Skills:
 + Level 0.6 Fighting
 + Level 2.8 Dodging
 - Level 2.4 Stealth
 - Level 4.4 Spellcasting
 - Level 2.9 Conjurations
 - Level 4.3 Fire Magic


You had 8 spell levels left.
You knew the following spells:

 Your Spells              Type           Power      Damage    Failure   Level
a - Foxfire               Conj/Fire      80%        2x1d8     2%          1
b - Scorch                Fire           48%        2d7       2%          2

Your spell library contained the following spells:

 Spells                   Type           Power      Damage    Failure   Level
 Inner Flame              Hex/Fire       14%        N/A       13%         3
 Kindle Blastsparks       Fire/Tloc/Air  22%        2d11      19%         3
 Flame Wave               Conj/Fire      20%        2d7       24%         4


Dungeon Overview and Level Annotations

Branches:
Dungeon (3/15)

Altars:

Shops:
D:1 =


Message History

The gnoll is heavily wounded.
The gnoll completely misses you.
Casting: Foxfire (safe; 2% risk of failure)
Confirm with . or Enter, or press ? or * to list all spells.
You conjure some foxfire!
The gnoll closely misses you.
The foxfire hits the gnoll.
The gnoll is severely wounded.
The foxfire hits the gnoll.
The gnoll is almost dead.
The gnoll completely misses you.
Casting: Foxfire (safe; 2% risk of failure)
Confirm with . or Enter, or press ? or * to list all spells.
You conjure some foxfire!
The gnoll hits you from afar with a +0 spear!
The gnoll misses you.
The foxfire hits the gnoll.
The gnoll is almost dead.
The foxfire hits the gnoll but does no damage.
The gnoll barely misses you. The gnoll completely misses you. x2
Casting: Foxfire (safe; 2% risk of failure)
Confirm with . or Enter, or press ? or * to list all spells.
You conjure some foxfire!
The gnoll closely misses you. The gnoll misses you.
The gnoll barely misses you.
The foxfire hits the gnoll.
The gnoll is moderately wounded.
The foxfire hits the gnoll.
The gnoll is severely wounded.
The gnoll completely misses you. x3
Casting: Foxfire (safe; 2% risk of failure)
Confirm with . or Enter, or press ? or * to list all spells.
You conjure some foxfire!
The gnoll hits you with a +0 club.
The gnoll hits you from afar with a +0 halberd!
* * * LOW HITPOINT WARNING * * *
The gnoll misses you.
The foxfire hits the gnoll.
The gnoll is severely wounded.
The foxfire hits the gnoll but does no damage.
The gnoll is severely wounded.
The gnoll hits you with a +0 club.
You die...

.# .# .## .. ##### .#
...# ##.###.##
#.#####.......!
#########..@.g..)......
#..........g.g....†.##.
#.##.##########..##.#
#...## ........ #....#
#....<# . ##..##
#P~.PP.P ♣P.PP♣
.P~~♣P~P ♣♣.P.♣
.~~~~~≈≈ ♣♣.♣♣


You could see 3 gnolls.

Vanquished Creatures
  Robin (D:2)
  4 gnolls
  An adder (D:2)
  2 dart slugs
  An endoplasm (D:2)
  3 giant cockroaches
  18 goblins
  11 hobgoblins
  4 kobolds
  4 quokkas
  4 ball pythons (D:2)
  7 bats
  2 rats
62 creatures vanquished.

Vanquished Creatures (others)
  137 foxfires
137 creatures vanquished.

Grand Total: 199 creatures vanquished

Notes
Turn   | Place    | Note
-------+----------+-------------------------------------------
     0 | D:1      | Ijustatesigmund the Deep Elf Fire Elementalist began the
                  | quest for the Orb.
     0 | D:1      | Reached XP level 1. HP: 10/10 MP: 6/6
     8 | D:1      | Found Ehu Dot's Jewellery Shop.
   205 | D:1      | Reached XP level 2. HP: 14/15 MP: 8/8
   208 | D:1      | Learned a level 2 spell: Scorch
   850 | D:2      | Reached XP level 3. HP: 19/19 MP: 6/10
  1091 | D:2      | Noticed Robin
  1279 | D:2      | Killed Robin
  1684 | D:2      | Reached XP level 4. HP: 24/24 MP: 8/12
  2516 | D:3      | Slain by a gnoll

Illustrated notes

Levels and vault maps discovered:
D:1:      psy_arrival_wood_between_worlds, layout_basic, serial_shops, shop
D:2:      layout_basic, minmay_goblin_outpost, uniq_robin
D:3:      layout_loops_ring, mainiacjoe_overflow_24_doors,
          hellmonk_ecumenical_altar_crossroads, serial_bayou,
          serial_bayou_pond_d, serial_bayou_pond_c, serial_bayou_lagoon_a,
          serial_bayou_shore_a, uniq_sigmund, uniq_terence,
          uniq_crazy_yiuf_cottage

Skill      XL: |  1  2  3 |
---------------+----------+-----
Conjurations   | 2 |  2.9
Spellcasting   | 4 |  4.4
Fire Magic     | 4 |  4.3
Fighting       | |  0.6
Dodging        | |  2.8
Stealth        | |  2.4

Action                   |  1- 3 |  4- 6 || total
-------------------------+-------+-------++-------
Melee: Dagger            |     2 |       ||     2
 Cast: Foxfire           |    49 |    34 ||    83
       Scorch            |    19 |     2 ||    21
  Use: Scroll            |     4 |     6 ||    10
Armor: Robe              |     2 |       ||     2
Dodge: Dodged            |    20 |    17 ||    37

Table legend: (Time is in decaauts)
 A = Elapsed time spent in this place.
 B = Non-inter-level travel time spent in this place.
 C = Inter-level travel time spent in this place.
 D = Time resting spent in this place.
 E = Time spent auto-exploring this place.
 F = Levels seen in this place.
 G = Mean time per level.
                   A        B        C        D        E       F      G
               +--------+--------+--------+--------+--------+-----+--------+
         Total |   2515 |   2497 |     18 |    571 |   1513 |   3 |  838.3 |
       Dungeon |   2515 |   2497 |     18 |    571 |   1513 |   3 |  838.3 |
               +--------+--------+--------+--------+--------+-----+--------+

Top non-repeatable levels by time:
     D:2: 1332 daAuts
     D:1: 1143 daAuts
     D:3: 39 daAuts
